 Dungeon Crawl Stone Soup version 0.31.0-11-ge490571c62 (webtiles) character file.

Game seed: 7901746087511532964

1024 Gadfly the Insei (level 8, 0/53 (58) HPs)
             Began as a Demonspawn Monk on Feb 3, 2024.
             Slain by a wight
             ... wielding a +6 flail of freezing
              (5 damage)
             ... on level 4 of the Dungeon.
             The game lasted 00:06:14 (4885 turns).

Gadfly the Insei (Demonspawn Monk)                  Turns: 4885, Time: 00:06:15

HP:   0/53 (58)     AC:  8    Str: 11 (13) XL:     8   Next: 2%
MP:   8/8           EV: 13    Int: 11 (12) God:
Gold: 138           SH:  0    Dex: 15      Spells: 4/7 levels left

rFire   . . .        b - +2 dagger (venom)
rCold   . . .        c - orb {light}
rNeg    . . .        a - +1 robe
rPois   .            (no helmet)
rElec   .            (no cloak)
rCorr   .            k - +0 pair of gloves
SInv    .            q - +0 pair of boots
Will    .....        (no amulet)
Stlth   +            (no ring)
HPRegen 0.28/turn    (no ring)
MPRegen 0.11/turn

%: no passive effects
@: glowing, drained
A: yellow scales 2, demonic guardian 1, ignite blood 1
a: no special abilities


You were on level 4 of the Dungeon.
You visited 1 branch of the dungeon, and saw 5 of its levels.

You collected 237 gold pieces.
You spent 99 gold pieces at shops.

Inventory:

Hand Weapons
 b - a +2 dagger of venom (weapon)
 u - the +1 war axe "Ukkered" {venom, Fly rPois rC-}
   (You found it on level 5 of the Dungeon)

   rC-:       It makes you vulnerable to cold.
   rPois:     It protects you from poison Fly: It grants you flight.
 v - a +0 whip of electrocution
Armour
 a - a +1 robe (worn)
 c - an orb of light (worn)
 k - a +0 pair of gloves (worn)
 q - a +0 pair of boots (worn)
Wands
 n - a wand of flame (23) (quivered)
Scrolls
 g - 3 scrolls of revelation
 h - 2 scrolls of blinking
 p - a scroll of teleportation
 r - a scroll of enchant armour
 s - a scroll of fog {unknown}
 t - a scroll of identify
Potions
 d - 3 potions of lignification
 e - a potion of attraction
 f - 2 potions of curing
 i - 2 potions of mutation {unknown}
 j - a potion of cancellation
 l - 2 potions of ambrosia
 m - 2 potions of might
 o - 2 potions of enlightenment


   Skills:
 - Level 3.0 Fighting
 + Level 4.2 Dodging
 * Level 5.3 Unarmed Combat
 * Level 4.6 Evocations
 * Level 3.8 Shapeshifting


You had 4 spell levels left.
You knew the following spells:

 Your Spells              Type           Power      Damage    Failure   Level
a - Swiftness             Air            0%         N/A       71%         3

Your spell library contained the following spells:

 Spells                   Type           Power      Damage    Failure   Level
 Shock                    Conj/Air       0%         1d3       34%         1
 Airstrike                Air            0%         2d(0-16)  98%         4


Dungeon Overview and Level Annotations

Branches:
Dungeon (5/15)
 Temple: D:4-7

Altars:
Kikubaaqudgha
Nemelex Xobeh
Sif Muna
Yredelemnul

Shops:
D:5 !(

Annotations:
D:5 3 runed translucent doors, Zeo's ghost, novice KoHu


Innate Abilities, Weirdness & Mutations

You are mostly covered in yellow scales. (AC +3)
A weak demonic guardian rushes to your aid.
Your demonic aura sometimes causes spilled blood to erupt in flames.


Message History

The wight hits you with a +6 flail of freezing.
The wight freezes you.
You hit the wight.
The wight is heavily damaged.
The wight barely misses you.
You barely miss the wight.
The wight is heavily damaged.
The wight closely misses you.
You hit the wight.
The wight is severely damaged.
The wight hits you with a +6 flail of freezing!
The wight freezes you.
You are too injured to fight recklessly!
You are too injured to fight recklessly!
You are too injured to fight recklessly!
You are too injured to fight recklessly!
You are too injured to fight recklessly!
You are too injured to fight recklessly!
You are too injured to fight recklessly!
You are too injured to fight recklessly!
You are too injured to fight recklessly!
You are too injured to fight recklessly!
You are too injured to fight recklessly!
You are too injured to fight recklessly!
You are too injured to fight recklessly!
You are too injured to fight recklessly!
You hit the wight.
The wight is severely damaged.
The wight hits you with a +6 flail of freezing.
You feel drained. The wight freezes you.
* * * LOW HITPOINT WARNING * * *
You barely miss the wight.
The wight is severely damaged.
The wight barely misses you.
You barely miss the wight.
The wight is severely damaged.
The wight hits you with a +6 flail of freezing!
* * * LOW HITPOINT WARNING * * *
A demonic guardian appears!
You feel drained.
You die...

#.......###.#
#####'###.#
######### #.#
#######.###.#
##.#####...........#
#............#.#####
#..............#
#............###
###.####.......#
#.##5.....##.##
#...@z.....#..#
##########.##.#
#.##.# #....# ######


You could see a wight (ally target) and a friendly shadow imp (summoned).

Vanquished Creatures
  A black bear (D:3)
  A scorpion (D:5)
  3 bombardier beetles
  3 hounds
  A jelly (D:5)
  A gnoll bouda (D:4)
  An orc priest (D:5)
  An iguana (D:4)
  A sleepcap (D:5)
  9 gnolls
  10 adders
  3 dart slugs
  5 orcs
  10 endoplasms
  6 goblins
  7 hobgoblins
  5 kobolds
  2 quokkas (D:1)
  9 ball pythons
  7 bats
  8 frilled lizards
  5 rats
99 creatures vanquished.

Vanquished Creatures (collateral kills)
  An ice beast (D:5)
  A black bear (D:5)
  A howler monkey (D:5)
  A sleepcap (D:5)
  An orc wizard (D:5)
  4 orcs
  A goblin (D:3)
  A hobgoblin (D:4)
11 creatures vanquished.

Grand Total: 110 creatures vanquished

Notes
Turn   | Place    | Note
-------+----------+-------------------------------------------
     0 | D:1      | Gadfly the Demonspawn Monk began the quest for the Orb.
     0 | D:1      | Reached XP level 1. HP: 18/18 MP: 1/1
   377 | D:1      | Gained mutation: Your demonic aura sometimes causes spilled
                  | blood to erupt in flames. [demonic ancestry]
   377 | D:1      | Reached XP level 2. HP: 24/24 MP: 2/2
   475 | D:1      | Reached skill level 1 in Evocations
  1160 | D:2      | Reached skill level 3 in Unarmed Combat
  1362 | D:2      | Gained mutation: A weak demonic guardian rushes to your
                  | aid. [demonic ancestry]
  1362 | D:2      | Reached XP level 3. HP: 29/29 MP: 3/3
  1509 | D:2      | Reached skill level 1 in Shapeshifting
  2261 | D:3      | Reached XP level 4. HP: 35/35 MP: 4/4
  2347 | D:3      | Noticed a black bear
  2380 | D:3      | Killed a black bear
  2381 | D:3      | Gained mutation: You are partially covered in yellow
                  | scales. (AC +2) [demonic ancestry]
  2381 | D:3      | Reached XP level 5. HP: 18/41 MP: 5/5
  2791 | D:3      | Found a basalt altar of Yredelemnul.
  2799 | D:3      | Found a shimmering blue altar of Sif Muna.
  2801 | D:3      | Found an ancient bone altar of Kikubaaqudgha.
  2803 | D:3      | Found a sparkling altar of Nemelex Xobeh.
  2882 | D:3      | Learned a level 3 spell: Swiftness
  3225 | D:4      | Reached skill level 4 in Unarmed Combat
  3225 | D:4      | Reached XP level 6. HP: 26/47 MP: 6/6
  3410 | D:4      | Identified the +0 leather armour of Disguise {Regen+}
  4177 | D:5      | Entered Level 5 of the Dungeon
  4177 | D:5      | Noticed an ice beast
  4189 | D:5      | Found a runed translucent gate.
  4189 | D:5      | HP: 2/47 [scorpion (4)]
  4190 | D:5      | Killed an ice beast
  4191 | D:5      | Gained mutation: You are mostly covered in yellow scales.
                  | (AC +3) [demonic ancestry]
  4191 | D:5      | Reached XP level 7. HP: 9/52 MP: 7/7
  4347 | D:5      | Noticed Zeo's ghost (novice KoHu)
  4347 | D:5      | Identified the +3 spear "Inaus" {elec, Int+2}
  4347 | D:5      | Identified the +0 chain mail of the Old World {Dex+3
                  | Stlth+}
  4348 | D:5      | Found a runed translucent gate.
  4348 | D:5      | Found a runed translucent gate.
  4360 | D:5      | Found Faopt's Weapon Shoppe.
  4614 | D:5      | Found Tureamm's Distillery.
  4628 | D:5      | Reached skill level 5 in Unarmed Combat
  4629 | D:5      | Bought a potion of enlightenment for 55 gold pieces
  4629 | D:5      | Bought a potion of might for 44 gold pieces
  4838 | D:5      | Reached XP level 8. HP: 35/58 MP: 8/8
  4850 | D:5      | Identified the +1 war axe "Ukkered" {venom, Fly rPois rC-}
  4885 | D:4      | Slain by a wight

Illustrated notes

Levels and vault maps discovered:
D:1:      spicycebolla_arrival_ecumenical, layout_basic, nrook_mini_backslash,
          chequers_big_river
D:2:      layout_basic, serial_aquarium, aquarium_bridge_straight
          [aquarium_subvault_bridge, aquarium_subvault_window,
          aquarium_subvault_bridge, aquarium_subvault_window],
          aquarium_window_1, aquarium_window_fake, aquarium_view_2g,
          aquarium_balcony_double_4, minmay_pentomino_x4
D:3:      layout_loops_ring, grunt_temple_overflow_open, grunt_ministairs_13,
          hex_large, grunt_decor_arrowhead, corexii_shack, minivault_4,
          kennysheep_potato
D:4:      layout_basic, minmay_lizard_king
D:5:      layout_cave_pools, nicolae_tso_carved_into_rock, serial_shops, shop,
          shop, nicolae_shop_scrapyard, nicolae_shop_real_fake_doors,
          nicolae_shop_stone, biasface_ghost_orc_armoury,
          nicolae_elemental_shop, uniq_grinder, uniq_eustachio

Skill      XL: |  1  2  3  4  5  6  7 |
---------------+----------------------+-----
Evocations     | 1 2 3 4 |  4.6
Unarmed Combat | 3 4 5 |  5.3
Shapeshifting  | 1 2 3 |  3.8
Dodging        | 3 4 |  4.2
Fighting       | |  3.0

Action                     |  1- 3 |  4- 6 |  7- 9 || total
---------------------------+-------+-------+-------++-------
  Melee: Unarmed           |   106 |    97 |       ||   203
         Dagger            |       |    98 |    73 ||   171
    Use: Scroll            |     9 |     2 |       ||    11
         Potion            |     2 |     4 |       ||     6
   Stab: Distracted        |       |       |     2 ||     2
 Armour: Robe              |    54 |   102 |    42 ||   198
         Skin              |     1 |       |       ||     1
         Leather armour    |       |     1 |       ||     1
  Dodge: Dodged            |    68 |   141 |    49 ||   258
